 Dungeon Crawl Stone Soup version 0.22-a0-456-g11ed031 (webtiles) character file.

53 Kidiri the Skirmisher (level 3, -7/29 HPs)
             Began as a Demonspawn Abyssal Knight on June 6, 2018.
             Was a Believer of Lugonu.
             Killed by nerve-wracking pain
             ... invoked by Jessica
              (11 damage)
             ... on level 2 of the Dungeon.
             The game lasted 00:02:37 (955 turns).

Kidiri the Skirmisher (Demonspawn Abyssal Knight)    Turns: 955, Time: 00:02:38

Health: -7/29      AC:  8    Str: 13    XL:     3   Next: 64%
Magic:  4/5        EV:  6    Int: 13    God:    Lugonu [**....]
Gold:   88         SH:  0    Dex: 12    Spells: 2/2 levels left

rFire    . . .     SeeInvis .   a - +1 falchion
rCold    . . .     Gourm    .   (no shield)
rNeg     . . .     Faith    .   e - +0 chain mail
rPois    .         Spirit   .   (helmet restricted)
rElec    .         Reflect  .   (no cloak)
rCorr    .         Harm     .   (no gloves)
MR       .....                  (no boots)
Stlth    ..........             (no amulet)
HPRegen  0.09/turn              (no ring)
MPRegen  0.09/turn              (no ring)

@: no status effects
A: antennae 1
a: Depart the Abyss, Bend Space, Renounce Religion


You were on level 2 of the Dungeon.
You worshipped Lugonu.
Lugonu was pleased with you.
You were not hungry.

You visited 1 branch of the dungeon, and saw 2 of its levels.
You visited the Abyss 1 time.

You collected 88 gold pieces.

Inventory:

Hand Weapons
 a - a +1 falchion (weapon)
Armour
 e - a +0 chain mail (worn)
Scrolls
 b - 3 scrolls of identify {unknown}
 d - a scroll of blinking {unknown}
 g - a scroll of remove curse {unknown}
 h - a scroll of enchant weapon {unknown}
Comestibles
 c - 4 rations


   Skills:
 + Level 3.1 Fighting
 * Level 2.2 Long Blades
 + Level 0.6 Throwing
 + Level 2.0 Armour
 * Level 1.6 Dodging
 + Level 0.8 Stealth
 * Level 3.1 Invocations


You had 2 spell levels left.
You didn't know any spells.
Your spell library was empty.

Dungeon Overview and Level Annotations

Branches:
Dungeon (2/15)

Altars:

Annotations:
D:2 Jessica


Innate Abilities, Weirdness & Mutations

You have a pair of small antennae on your head.


Message History

Jessica drinks a potion.
Jessica suddenly seems more resistant.
You barely miss Jessica. Jessica gestures at you while chanting.
Pain shoots through your body!
* * * LOW HITPOINT WARNING * * *
Jessica hits you but does no damage.
You hit Jessica but do no damage.
Jessica points at you and mumbles some strange words.
You resist with some effort. Jessica hits you but does no damage.
Unknown command.
You aren't carrying any potions.
Unknown command.
You aren't carrying any potions.
Space bends around you!
You blink.
Found a scroll labeled SOMMUA SOAKHLOZ.
Unknown command.
Found a scroll labeled PIOH BUTADGH.
Jessica gestures at you while chanting. Pain shoots through your body!
You die...

... ...?..# .. #.....###
...#.....#.# #........
#.#....... ###.....##
.### .......####........#
.....##.$.@...(†..<.....#
#...$...<.####.........
####.##..............##
#####..##.##..##.#######
#..?.....@.### ##..
#.###..##### ### ....#
..### #


You could see Jessica.

Vanquished Creatures
  Natasha (D:2)
  A dart slug (D:1)
  A ball python (D:1)
  2 bats (D:1)
  A goblin (D:1)
  3 hobgoblins (D:1)
  6 jackals (D:1)
  2 frilled lizards (D:1)
  5 kobolds
  5 rats (D:1)
27 creatures vanquished.

Notes
Turn   | Place    | Note
-------+----------+-------------------------------------------
     0 | Abyss:1  | Kidiri the Demonspawn Abyssal Knight began the quest for the Orb.
     0 | Abyss:1  | Reached XP level 1. HP: 18/18 MP: 2/2
    28 | D:1      | Escaped the Abyss
    92 | D:1      | Reached skill level 1 in Dodging
   312 | D:1      | Gained mutation: You have a pair of small antennae on your head. [demonic ancestry]
   312 | D:1      | Reached XP level 2. HP: 21/24 MP: 3/3
   649 | D:1      | Reached ** piety under Lugonu
   793 | D:1      | Reached XP level 3. HP: 29/29 MP: 5/5
   931 | D:2      | Noticed Natasha
   931 | D:2      | Noticed Jessica
   946 | D:2      | Killed Natasha
   955 | D:2      | Killed from afar by Jessica

Vault maps used:
D:1:      shiori_shiawase, glass_columns_c, fountainhead, serial_bayou_pond_a
D:2:      nemelex_altar_shiori, uniq_natasha, uniq_jessica

Skill      XL: |  1  2  3 |
---------------+----------+-----
Dodging        | 1 |  1.6
Long Blades    | 2 |  2.2
Armour         | 2 |  2.0
Invocations    | 3 |  3.1
Fighting       | |  3.1
Throwing       | |  0.6
Stealth        | |  0.8

Action                   || total
-------------------------++-------
Melee: Falchion          ||   102
Invok: Bend Space        ||     1
Armor: Chain mail        ||   101
       Leather armour    ||     1
Dodge: Dodged            ||    42
       Rpst.: Falchion   ||    11

Table legend:
 A = Spawn XP
 B = Non-spawn XP
 C = Spawn XP percentage of total XP
 D = Spawn monster count
 E = Non-spawn monster count
 F = Spawn count percentage of total count
 G = Total turns spent on level
                    A         B        C        D         E        F      G
               +---------+---------+-------+---------+---------+-------+---------
         Total |       0 |      77 |   0.0 |       0 |      27 |   0.0 |   955
               +---------+---------+-------+---------+---------+-------+---------
           D:1 |       0 |      42 |   0.0 |       0 |      25 |   0.0 |   903
           D:2 |       0 |      35 |   0.0 |       0 |       2 |   0.0 |    24
               +---------+---------+-------+---------+---------+-------+---------
